 Dungeon Crawl Stone Soup version 0.20.0-15-g7f486f2 (webtiles) character file.

917 Kriby the Cleaver (level 8, -1/73 HPs)
             Began as a Hill Orc Fighter on June 10, 2017.
             Splashed by a brown ugly thing's acid (11 damage)
             ... on level 6 of the Dungeon.
             The game lasted 00:03:45 (4495 turns).

Kriby the Cleaver (Hill Orc Fighter)                Turns: 4495, Time: 00:03:45

Health: -1/73      AC:  3    Str: 21    XL:     8   Next: 9%
Magic:  8/8        EV:  3    Int:  8    God:
Gold:   283        SH:  9    Dex: 10    Spells: 7/7 levels left

rFire    . . .     SeeInvis .   a - +0 war axe
rCold    . . .     Gourm    .   c - +0 shield
rNeg     . . .     Faith    .   i - +0 plate armour
rPois    +         Spirit   .   (no helmet)
rElec    .         Reflect  .   (no cloak)
rCorr    .         Harm     .   (no gloves)
MR       .....                  (no boots)
Stlth    ..........             (no amulet)
Regen    0.3/turn               e - ring of poison resistance
MPRegen  0.2/turn               (no ring)

@: corroded
A: no striking features
a: no special abilities


You were on level 6 of the Dungeon.
You were not hungry.

You visited 2 branches of the dungeon, and saw 7 of its levels.

You collected 283 gold pieces.

Inventory:

Hand Weapons
 a - a +0 war axe (weapon)
Armour
 c - a +0 shield (worn)
 i - a +0 plate armour (worn)
Jewellery
 e - a ring of poison resistance (left hand)
Wands
 d - a wand of lightning (10/15)
 f - a wand of polymorph (6/24)
 o - a wand of polymorph (5/24)
 r - a wand of iceblast (1/15)
 s - a wand of confusion (20/48)
Scrolls
 h - 3 scrolls of remove curse
 l - 2 scrolls of amnesia {unknown}
 m - 4 scrolls of magic mapping
 p - a scroll of fear {unknown}
 q - a scroll of noise {unknown}
 u - a scroll of immolation {unknown}
 w - a scroll of identify
Potions
 b - 2 potions of agility {unknown}
 j - 2 potions of flight {unknown}
 k - a potion of curing
 v - a potion of brilliance {unknown}
 x - a potion of magic {unknown}
Books
 n - a book of Necromancy

   Spells                             Type                      Level
   a - Pain                           Necromancy                   1
   b - Animate Skeleton               Necromancy                   1
   c - Vampiric Draining              Necromancy                   3
   d - Regeneration                   Charms/Necromancy            3
   e - Animate Dead                   Necromancy                   4
   f - Control Undead                 Necromancy                   4
Comestibles
 g - a meat ration
 t - 4 fruits


   Skills:
 + Level 7.0 Fighting
 * Level 10.0 Axes
 - Level 3.2 Armour
 - Level 3.2 Shields


You had 7 spell levels left.
You didn't know any spells.

Dungeon Overview and Level Annotations

Branches:
Dungeon (6/15)             Temple (1/1) D:5

Altars:
Cheibriados
Dithmenos
Elyvilon
Fedhas
Hepliaklqana
Kikubaaqudgha
Nemelex Xobeh
Qazlal
Ru
Trog
Uskayaw
Vehumet
Xom
Yredelemnul
Zin
The Shining One


Message History

The brown ugly thing is heavily wounded.
The brown ugly thing claws you but does no damage.
You closely miss the brown ugly thing.
The brown ugly thing is heavily wounded.
You block the brown ugly thing's attack.
You slash the brown ugly thing!
The brown ugly thing is severely wounded.
The brown ugly thing claws you but does no damage.
The brown ugly thing claws you! The acid corrodes you!
You are splashed with acid!
The acid burns!
* * * LOW HITPOINT WARNING * * *
Your shield and plate armour prevent you from hitting the brown ugly thing.
The brown ugly thing is severely wounded.
You block the brown ugly thing's attack.
You hit the brown ugly thing.
The brown ugly thing is severely wounded.
The brown ugly thing claws you.
* * * LOW HITPOINT WARNING * * *
The acid corrodes you!
You are splashed with acid!
The acid burns!
You die...

.....>....#
..........#
..........###
............
..........####.
...............
..........#
........u.#
...$....@.#
..........#
..........#
..........#
##.####.### #.
#.# # #.# ##


You could see a brown ugly thing.

Vanquished Creatures
  A hungry ghost (D:5)
  The ghost of Kriby the Skirmisher, an amateur HOFi (D:3)
  A phantom (D:4)
  A scorpion (D:5)
  2 orc priests (D:3)
  6 orc wizards
  A bullfrog skeleton (D:4)
  Jessica (D:2)
  Natasha (thrice) (D:4)
  An iguana (D:4)
  8 adders
  An ooze (D:3)
  An adder zombie (D:3)
  An adder skeleton (D:4)
  3 dart slugs
  2 leopard geckos
  14 orcs
  A ball python (D:2)
  5 giant cockroaches
  3 goblins
  5 hobgoblins
  9 jackals
  12 kobolds
  2 quokkas
  8 bats
  2 frilled lizards
  A jackal skeleton (D:4)
  A leopard gecko zombie (D:5)
  7 rats
104 creatures vanquished.

Vanquished Creatures (others)
  A worm (D:4)
  An orc (D:4)
  A frilled lizard (D:4)
3 creatures vanquished.

Grand Total: 107 creatures vanquished

Notes
Turn   | Place    | Note
-------+----------+-------------------------------------------
     0 | D:1      | Kriby the Hill Orc Fighter began the quest for the Orb.
     0 | D:1      | Reached XP level 1. HP: 19/19 MP: 1/1
    14 | D:1      | Reached skill level 3 in Axes
   240 | D:1      | Reached XP level 2. HP: 22/27 MP: 2/2
   712 | D:1      | Reached skill level 4 in Axes
   712 | D:1      | Reached XP level 3. HP: 29/33 MP: 3/3
  1267 | D:2      | Found a stormy altar of Qazlal.
  1351 | D:2      | Noticed Jessica
  1359 | D:2      | Killed Jessica
  1359 | D:2      | Reached XP level 4. HP: 39/41 MP: 4/4
  1497 | D:2      | Reached skill level 5 in Axes
  1678 | D:3      | Noticed Kriby's ghost (amateur HOFi)
  1705 | D:3      | Killed Kriby's ghost
  1705 | D:3      | Reached skill level 5 in Fighting
  1705 | D:3      | Reached skill level 6 in Axes
  1705 | D:3      | Reached XP level 5. HP: 48/48 MP: 5/5
  1724 | D:3      | Reached XP level 6. HP: 46/56 MP: 6/6
  1885 | D:3      | Reached skill level 7 in Axes
  2564 | D:4      | Found a shimmering altar of Xom.
  2565 | D:4      | Noticed a phantom
  2624 | D:4      | Killed a phantom
  2624 | D:4      | Reached skill level 8 in Axes
  2624 | D:4      | Reached XP level 7. HP: 36/63 MP: 7/7
  2778 | D:4      | Found a radiant altar of Vehumet.
  2799 | D:4      | Found a blossoming altar of Fedhas.
  2806 | D:4      | Found a shadowy altar of Dithmenos.
  2808 | D:4      | Noticed Natasha
  2826 | D:4      | Killed Natasha
  3108 | D:4      | Noticed Natasha
  3118 | D:4      | Killed Natasha
  3301 | D:4      | Reached skill level 9 in Axes
  3452 | D:4      | Noticed Natasha
  3461 | D:4      | Killed Natasha
  3711 | D:5      | Entered Level 5 of the Dungeon
  3807 | D:5      | Noticed a hungry ghost
  3835 | D:5      | Killed a hungry ghost
  3835 | D:5      | Reached skill level 10 in Axes
  3835 | D:5      | Reached XP level 8. HP: 65/73 MP: 8/8
  3897 | D:5      | Found a staircase to the Ecumenical Temple.
  3940 | Temple   | Entered the Ecumenical Temple
  4166 | D:5      | Found a glowing golden altar of the Shining One.
  4479 | D:6      | Noticed a brown ugly thing
  4495 | D:6      | Splashed by a brown ugly thing's acid

Skill      XL: |  1  2  3  4  5  6  7 |
---------------+----------------------+-----
Axes           | 3 4 6 8 10 | 10.0
Fighting       | 4 5 6 7 |  7.0
Armour         | |  3.2
Shields        | |  3.2

Action                   |  1- 3 |  4- 6 |  7- 9 || total
-------------------------+-------+-------+-------++-------
Melee: War axe           |   114 |   198 |   140 ||   452
  Use: Potion            |       |     4 |       ||     4
       Scroll            |       |     2 |       ||     2
  Eat: Chunk             |     2 |     4 |     3 ||     9
       Bread ration      |       |       |     3 ||     3
       Meat ration       |       |       |     1 ||     1
Armor: Scale mail        |    25 |       |       ||    25
       Plate armour      |    56 |   143 |    82 ||   281
Dodge: Dodged            |    25 |    23 |    10 ||    58
Block: Shield            |    65 |    93 |    50 ||   208
